Unix NetHack Version 5.0.0-0 post-release - last build May 31 2026 23:59:36 (970b52f25bf058293b47ddfd14a1e40e571c508c,branch:main).

Game began 2026-06-06 00:03:49, ended 2026-06-06 00:23:47.

Jobair, lawful female dwarven Archeologist

                   ---
                   |.|
 ---             ---.|
--.--            |...|
|...--       -----...|      |
|-...--   ---|......%----- .|
|.....-----.--......<.......|
--.|...--..........)..h.....|
 ----.....q.q.......----- ..|
    |......@.......---      |
    --....a|.|.......|
    --....------.....---
    |.....|    |.......|
   --.....--  --.......|
   |.......| --........|
   |.......---.........-
   --..........--.|........|
    |..-------------.-------
    ----            --
Jobair the Field Worker    St:18/01 Dx:9 Co:13 In:12 Wi:13 Ch:10  Lawful
Dlvl:6  $:344 HP:0(29) Pw:6(6) AC:7  Xp:3 T:2290 

Latest messages:
 The giant ant bites!
 You miss the giant ant.
 The giant ant just misses!
 The giant ant bites!
 You miss the giant ant.
 The giant ant bites!
 Godzilla misses the giant ant.
 The giant ant bites!
 You lash the giant ant!
 Godzilla bites the giant ant.
 The giant ant is killed!
 You hear water falling on coins.
 You see here a newt corpse.
 K - 3 crossbow bolts (in quiver pouch) (11 in total).
 You hear the splashing of a naiad.
 You feel an unexpected draft.
 You swap places with Godzilla.
 You hear a door open.
 You hear a door open.
 You swap places with Godzilla.
 Godzilla misses the giant ant.
 Godzilla bites the giant ant.
 The giant ant just misses!
 Godzilla bites it.
 It misses Godzilla.
 Godzilla misses the giant ant.
 Godzilla bites the giant ant.
 The giant ant bites!
 The giant ant bites!
 The giant ant bites!
 The giant ant bites!
 The rothe hits!
 The rothe just misses!
 The rothe misses!
 The giant ant bites!
 What do you want to read?
 As you read the scroll, it disappears.
 You shudder for a moment.
 The rothe hits!
 The rothe just misses!
 The rothe misses!
 The rothe hits!
 The rothe misses!
 The rothe bites!
 You die...
 Do you want your possessions identified? [ynq] (y) y
 Do you want to see your attributes? [ynq] (y) y
 Do you want an account of creatures vanquished? [ynaq] (y) y
 Do you want to see your conduct and achievements? [ynq] (y) y
 Do you want to see the dungeon overview? [ynq] (y) y

Inventory:
 Coins    ('$')
  $ - 344 gold pieces
 Weapons  (')')
  K - 11 cursed -2 crossbow bolts (in quiver pouch)
  L - a +0 crossbow (alternate weapon; not wielded)
  E - a blessed +0 orcish bow
  a - a blessed +2 bullwhip (weapon in right hand)
  x - a +0 long sword
  R - a +0 scimitar
 Armor    ('[')
  c - an uncursed +0 fedora (being worn)
  I - an uncursed +0 pair of iron shoes (being worn)
  J - an uncursed +0 dwarvish cloak (being worn)
  b - an uncursed +0 leather jacket (being worn)
 Comestibles  ('%')
  p - an uncursed apple
  d - an uncursed food ration
  z - an uncursed lembas wafer
  q - an uncursed tripe ration
 Scrolls  ('?')
  r - a cursed scroll of fire
  s - an uncursed scroll of food detection
  t - a blessed scroll of gold detection
  O - an uncursed scroll of identify
  y - a cursed scroll of identify
 Potions  ('!')
  A - an uncursed potion of fruit juice
  w - a blessed potion of gain energy
  o - an uncursed potion of gain energy
  v - 2 blessed potions of healing
  n - 3 uncursed potions of healing
  u - an uncursed potion of restore ability
  B - an uncursed potion of sickness
 Rings    ('=')
  i - an uncursed ring of searching
 Wands    ('/')
  m - a wand of nothing (0:6)
  Q - a wand of striking (0:7)
 Tools    ('(')
  h - an empty uncursed sack
  S - an empty uncursed sack
  k - an uncursed blindfold
  l - an uncursed lock pick
  e - a +0 pick-axe
  f - a tinning kit (0:57)
 Gems/Stones  ('*')
  T - 2 uncursed citrine stones
  M - an uncursed worthless piece of red glass
  g - an uncursed touchstone

Jobair the Archeologist's attributes:

Background:
 You were a Field Worker, a level 3 female dwarven Archeologist.
 You were lawful, on a mission for Quetzalcoatl
 who was opposed by Camaxtli (neutral) and Huhetotl (chaotic).
 You were right-handed.
 You were in the Gnomish Mines, on level 6.
 You entered the dungeon 2290 turns ago.
 It was the midnight hour.
 You had 56 experience points, 24 more were needed to attain level 4.

Basics:
 You had 0 out of 29 hit points.
 You had all 6 energy points (spell power).
 Your armor class was 7.
 Your wallet contained 344 zorkmids.
 Autopickup was off.

Final Characteristics:
 Your strength was 18/01 (limit:18/100).
 Your dexterity was 9 (limit:20).
 Your constitution was 13 (limit:20).
 Your intelligence was 12 (limit:16).
 Your wisdom was 13 (limit:16).
 Your charisma was 10 (limit:16).

Final Status:
 You weren't hungry.
 You were unencumbered.
 You were wielding a whip.
 You had basic skill with whip.

Final Attributes:
 You were piously aligned.
 Your items were somewhat protected from fire.
 Your items were somewhat protected from cold.
 You had automatic searching.
 You had infravision.
 You were warded.
 You were lucky.
 You are dead.

Miscellaneous:
 You didn't encounter any bones levels.
 Total elapsed playing time was 19 minutes and 56 seconds.

Major events:
 Turn
    1: Jobair the lawful female dwarven Archeologist entered the dungeon
  993: entered the Gnomish Mines
 1594: attained the rank of Field Worker (level 3)
 1951: reached Mine Town
 2290: killed by a rothe

You didn't know any spells.

Skills:
 Fighting Skills
   bare handed combat [Unskilled]
   two weapon combat  [Unskilled]
   riding             [Unskilled]
 Weapon Skills
   dagger             [Unskilled]
   knife              [Unskilled]
   pick-axe           [Basic]
   short sword        [Unskilled]
   saber              [Unskilled]
   club               [Unskilled]
   quarterstaff       [Unskilled]
   sling              [Unskilled]
   dart               [Unskilled]
   boomerang          [Unskilled]
   whip               [Basic]
   unicorn horn       [Unskilled]
 Spellcasting Skills
   attack spells      [Unskilled]
   healing spells     [Unskilled]
   divination spells  [Unskilled]
   matter spells      [Unskilled]

Voluntary challenges:
 Character rerolling was not enabled.
 You never genocided any monsters.
 You never polymorphed an object.
 You never changed form.
 You used no wishes.
Achievements:
 You entered the Gnomish Mines.
 You attained the rank of Field Worker.
 You entered Minetown.

 The Dungeons of Doom: levels 1 to 4
    Level 1:
       Some fountains.
    Level 2:
    Level 3:
       An altar to Quetzalcoatl, some fountains.
       Stairs down to The Gnomish Mines.
    Level 4:
 The Gnomish Mines: levels 4 to 6
    Level 4:
    Level 5:
    Level 6: <- You were here.
       Final resting place for
          you, killed by a rothe.


Vanquished creatures:
  a giant ant
  3 dwarves
  a wererat
  2 iguanas
 an acid blob
  a hobbit
  a hobgoblin
  8 gnomes
  3 garter snakes
  6 geckos
  5 jackals
  a sewer rat
  7 grid bugs
  2 bats
  2 lichens
  a kobold zombie
  4 newts
49 creatures vanquished.

No species were genocided or became extinct.

Game over:
                       ----------
                      /          \
                     /    REST    \
                    /      IN      \
                   /     PEACE      \
                  /                  \
                  |      Jobair      |
                  |      344 Au      |
                  |   killed by a    |
                  |      rothe       |
                  |                  |
                  |                  |
                  |       2026       |
                 *|     *  *  *      | *
        _________)/\\_//(\/(/\)/\//\/|_)_______

Goodbye Jobair the Archeologist...

You died in The Gnomish Mines on dungeon level 6 with 784 points,
and 344 pieces of gold, after 2290 moves.
You were level 3 with a maximum of 29 hit points when you died.

